 Dungeon Crawl Stone Soup version 0.24-a0-201-gf205589 (webtiles) character file.

Game seed: 1213002659867510288

477 technobutter the Chopper (level 6, -7/52 HPs)
             Began as a Minotaur Gladiator on Mar 25, 2019.
             Was an Initiate of the Shining One.
             Mangled by a wind drake (8 damage)
             ... created by the adversity of Qazlal
             ... on level 4 of the Dungeon.
             The game lasted 00:21:10 (3901 turns).

technobutter the Chopper (Minotaur Gladiator)       Turns: 3901, Time: 00:21:11

Health: -7/52      AC:  7    Str: 19    XL:     6   Next: 85%
Magic:  5/5        EV: 13    Int:  5    God:    the Shining One [......]
Gold:   258        SH:  3    Dex: 13    Spells: 5/5 levels left

rFire    + . .     SeeInvis .   a - +0 war axe
rCold    . . .     Gourm    .   (no shield)
rNeg     . . .     Faith    .   y - +2 ring mail {rF+}
rPois    .         Spirit   .   c - +0 hat
rElec    .         Reflect  +   (no cloak)
rCorr    .         Harm     .   (no gloves)
MR       .....                  (no boots)
Stlth    +.........             v - +3 amulet of reflection
HPRegen  0.17/turn              r - ring of stealth
MPRegen  0.09/turn              (no ring)

@: glowing
A: retaliatory headbutt, horns 2
a: Renounce Religion


You were on level 4 of the Dungeon.
You worshipped the Shining One.
The Shining One was noncommittal.
You were not hungry.

You visited 1 branch of the dungeon, and saw 4 of its levels.

You collected 258 gold pieces.

Inventory:

Hand Weapons
 a - a +0 war axe (weapon)
 t - a +0 whip
 z - a +0 hunting sling
Missiles
 d - 2 throwing nets
 i - 29 arrows
 m - 159 stones (quivered)
 u - 26 sling bullets
Armour
 c - a +0 hat (worn)
 e - a +0 scale mail
 y - a +2 ring mail of fire resistance (worn)
Jewellery
 r - a ring of stealth (left hand)
 v - a +3 amulet of reflection (around neck)
Wands
 w - a wand of flame (18)
 A - a wand of disintegration (6)
Scrolls
 b - 2 scrolls of teleportation {unknown}
 g - a scroll of enchant weapon {unknown}
 h - a scroll of fear {unknown}
 k - 6 scrolls of identify
 l - a scroll of amnesia {unknown}
 q - a scroll of blinking {unknown}
 s - a scroll of fog {unknown}
 x - a scroll of immolation {unknown}
Potions
 j - a potion of heal wounds {unknown}
 n - a potion of berserk rage {unknown}
 o - 3 potions of flight {unknown}
 p - 2 potions of agility {unknown}
Comestibles
 f - 3 rations


   Skills:
 + Level 3.7 Fighting
 + Level 6.7 Axes
 + Level 2.6 Throwing
 + Level 4.1 Armour
 + Level 4.3 Dodging
 + Level 0.1 Stealth


You had 5 spell levels left.
You didn't know any spells.
Your spell library was empty.

Dungeon Overview and Level Annotations

Branches:
Dungeon (4/15)
 Temple: D:4-7

Altars:
Okawaru
Qazlal
Uskayaw
Vehumet
The Shining One


Innate Abilities, Weirdness & Mutations

You reflexively headbutt those who attack you in melee.
You have a pair of horns on your head.


Message History

The wind drake is lightly wounded.
The wind drake bites you.
You barely miss the wind drake. Your headbutt misses the wind drake.
The wind drake is lightly wounded.
The wind drake flaps its wings at you. The air twists around and strikes you!
The wind drake flaps its wings at you. The air twists around and strikes you!
* * * LOW HITPOINT WARNING * * *
You hit the wind drake.
The wind drake is lightly wounded.
The wind drake bites you!
* * * LOW HITPOINT WARNING * * *
You hit the wind drake but do no damage.
You headbutt the wind drake.
The wind drake is lightly wounded.
The wind drake exhales a fierce blast of wind!
You are blown backwards!
The wind drake bites you!
You die...

#.# #.# #.# #.#
#.# #.# # #.#
#.#############.#
#..[@k..........#
#################


You could see a wind drake.

Vanquished Creatures
  A phantom (D:4)
  A hound (D:4)
  An orc priest (D:4)
  An iguana (D:4)
  4 orc wizards (D:4)
  A hound skeleton (D:2)
  4 gnolls (D:4)
  4 adders
  2 oozes (D:4)
  A worm (D:2)
  2 dart slugs
  6 leopard geckos
  8 orcs (D:4)
  3 ball pythons
  9 bats
  4 giant cockroaches
  6 goblins
  3 hobgoblins
  3 jackals (D:2)
  7 kobolds
  7 frilled lizards
  A leopard gecko zombie (D:3)
  A quokka skeleton (D:4)
  10 rats
90 creatures vanquished.

Notes
Turn   | Place    | Note
-------+----------+-------------------------------------------
     0 | D:1      | technobutter the Minotaur Gladiator began the quest for the
                  | Orb.
     0 | D:1      | Reached XP level 1. HP: 18/18 MP: 0/0
   268 | D:1      | Reached skill level 4 in Axes
   268 | D:1      | Reached XP level 2. HP: 25/25 MP: 1/1
   913 | D:1      | You fall through a shaft!
   918 | D:2      | Reached XP level 3. HP: 30/30 MP: 2/2
   924 | D:2      | Reached skill level 1 in Armour
  1399 | D:2      | Reached XP level 4. HP: 27/37 MP: 3/3
  1447 | D:2      | Found a stormy altar of Qazlal.
  1450 | D:2      | Found a radiant altar of Vehumet.
  1454 | D:2      | Found a hide-covered altar of Uskayaw.
  1497 | D:2      | Became a worshipper of Qazlal Stormbringer
  2394 | D:4      | Reached skill level 5 in Axes
  2396 | D:4      | HP: 1/38 [orc priest/divine providence (14)]
  2700 | D:4      | Reached XP level 5. HP: 44/45 MP: 4/4
  3058 | D:4      | Found a glowing drain.
  3118 | D:4      | Noticed a phantom
  3124 | D:4      | Killed a phantom
  3124 | D:4      | Reached * piety under Qazlal
  3124 | D:4      | Reached skill level 6 in Axes
  3124 | D:4      | Reached XP level 6. HP: 45/51 MP: 5/5
  3559 | D:4      | Found a glowing golden altar of the Shining One.
  3588 | D:4      | Fell from the grace of Qazlal
  3588 | D:4      | Became a worshipper of the Shining One
  3756 | D:4      | Found an iron altar of Okawaru.
  3884 | D:4      | Noticed a wind drake
  3899 | D:4      | HP: 1/52 [wind drake[the adversity of Qazlal] (8)]
  3901 | D:4      | Mangled by a wind drake

Levels and vault maps discovered:
D:1:      mushboom_english_gardens, layout_basic, serial_bayou_ford_a,
          serial_park_tiny_1
D:2:      layout_rooms, grunt_temple_overflow_open, first_ration
D:3:      layout_basic
D:4:      layout_basic, tso_altar, portal_sewer_entry_f,
          okawaru_metal_pillars_1_2

Skill      XL: |  1  2  3  4  5  6 |
---------------+-------------------+-----
Axes           | 4 5 6 |  6.7
Armour         | 2 3 4 |  4.1
Fighting       | 3 |  3.7
Dodging        | 4 |  4.3
Throwing       | |  2.6
Stealth        | |  0.1

Action                   |  1- 3 |  4- 6 || total
-------------------------+-------+-------++-------
Melee: War axe           |    70 |   139 ||   209
       Headbutt          |     4 |    27 ||    31
Throw: Throwing net      |     3 |       ||     3
       Stone             |    27 |    36 ||    63
  Use: Scroll            |       |     3 ||     3
  Eat: Ration            |     1 |     2 ||     3
       Chunk             |     1 |       ||     1
Armor: Scale mail        |    44 |    30 ||    74
       Ring mail         |       |    21 ||    21
Dodge: Dodged            |    53 |    81 ||   134
Block: Other             |       |    17 ||    17
       Reflection        |       |     2 ||     2

Table legend:
 A = Non-vault XP
 B = Vault XP
 C = Vault XP percentage of total XP
 D = Non-vault monster count
 E = Vault monster count
 F = Vault count percentage of total count
                 A         B        C        D         E       F
            +---------+---------+-------+---------+---------+-------
      Total |     669 |      13 |   1.9 |      85 |       5 |   5.6
            +---------+---------+-------+---------+---------+-------
        D:1 |      29 |       0 |   0.0 |      18 |       0 |   0.0
        D:2 |      94 |       0 |   0.0 |      25 |       0 |   0.0
        D:3 |      28 |       0 |   0.0 |      16 |       0 |   0.0
        D:4 |     518 |      13 |   2.4 |      26 |       5 |  16.1
            +---------+---------+-------+---------+---------+-------
